 Dungeon Crawl Stone Soup version 0.26.1-11-gd32895ea62 (webtiles) character file.

Game seed: 241191021156390572

128 Zeld the Twirler (level 5, -15/34 HPs)
             Began as an Octopode Gladiator on May 22, 2021.
             Demolished by an ogre
             ... wielding a +0 giant club
              (28 damage)
             ... on level 2 of the Dungeon.
             The game lasted 00:01:53 (2738 turns).

Zeld the Twirler (Octopode Gladiator)               Turns: 2738, Time: 00:01:53

Health: -15/34     AC:  1    Str: 14    XL:     5   Next: 11%
Magic:  5/5        EV: 14    Int: 11    God:
Gold:   85         SH:  0    Dex: 13    Spells: 4/4 levels left

rFire    . . .     SeeInvis .   a - +0 quarterstaff
rCold    . . .     Faith    .   (shield currently unavailable)
rNeg     . . .     Spirit   .   b - +0 hat
rPois    .         Reflect  .   (no amulet)
rElec    .         Harm     .   (no ring)
rCorr    .         Rampage  .   (no ring)
Will     .....                  (no ring)
Stlth    ++........             (no ring)
HPRegen  0.11/turn              (no ring)
MPRegen  0.09/turn              (no ring)
                                (no ring)
                                (no ring)

@: no status effects
A: almost no armour, stealthy swim, amphibious, 8 rings, constrict 8, camouflage
1, gelatinous body 1
a: no special abilities


You were on level 2 of the Dungeon.
You visited 1 branch of the dungeon, and saw 2 of its levels.

You collected 85 gold pieces.

Inventory:

Hand Weapons
 a - a +0 quarterstaff (weapon)
Missiles
 c - 3 throwing nets (quivered)
Armour
 b - a +0 hat (worn)
Scrolls
 d - 2 scrolls of fear {unknown}
 e - 2 scrolls of identify {unknown}
 f - 2 scrolls of remove curse {unknown}
 g - a scroll of amnesia {unknown}
 h - 2 scrolls of teleportation {unknown}
 m - a scroll of fog {unknown}
Potions
 i - 2 potions of curing {unknown}
 j - 2 potions of brilliance {unknown}
 k - a potion of ambrosia {unknown}
 l - a potion of invisibility {unknown}
 n - a potion of degeneration {unknown}


   Skills:
 - Level 2.0 Fighting
 * Level 5.6 Staves
 - Level 2.0 Throwing
 - Level 3.0 Dodging


You had 4 spell levels left.
You didn't know any spells.
Your spell library was empty.

Dungeon Overview and Level Annotations

Branches:
Dungeon (2/15)

Altars:
Nemelex Xobeh
Wu Jian


Innate Abilities, Weirdness & Mutations

You cannot wear most types of armour.
You are very stealthy in the water. (Stealth+)
You are amphibious.
You can wear up to eight rings at the same time.
You can use your tentacles to constrict eight enemies at once.
Your skin changes colour to match your surroundings (Stealth+).
Your rubbery body absorbs attacks. (AC +1, EV +1)


Message History

The giant cockroach completely misses you.
The giant cockroach bites you. The giant cockroach closely misses you.
The giant cockroach barely misses you.
You hit the giant cockroach. You grab the giant cockroach.
The giant cockroach is severely wounded.
You constrict the giant cockroach.
The giant cockroach completely misses you.
You hit the giant cockroach.
You kill the giant cockroach!
You sock the hobgoblin!
You kill the hobgoblin!
You thump the ogre!
The ogre is heavily wounded.
The ogre misses you.
You hit the ogre. Your squeeze misses the ogre.
The ogre is heavily wounded.
The ogre hits you with a +0 giant club!!
Ouch! That really hurt!
You die...

####g#.....####........# ♣.♣
####....#......# #.##.#..♣♣♣♣♣♣≈≈
#.......#....#.######.#..♣♣♣≈♣.≈≈
...÷....K....#..# #..>..)≈≈≈≈≈≈
........#.......# #....♣≈♣♣.≈≈≈
###)###.##lO..K.# #..#.♣♣♣♣♣P≈♣
#...# #.##.####l# #<.#..♣♣ ♣♣≈♣
....# #.##.# #O## #.###..# ♣≈≈♣
....###.##.# #.@# #.# ##.# ♣≈.P
....##..##.# #######.# #.##♣P..
######..##.# #...# #†#....#
###...##.# #...# #...####
###.....##.# #...# #####
........#..# #>..# #########
#...# #...# #####


You could see an ogre, a leopard gecko and a kobold.

Vanquished Creatures
  4 adders (D:2)
  4 gnolls
  An ooze (D:1)
  A worm (D:2)
  A leopard gecko (D:1)
  4 giant cockroaches
  5 goblins
  4 hobgoblins
  4 jackals
  3 bats
  3 frilled lizards (D:1)
  11 kobolds
  3 rats (D:2)
48 creatures vanquished.

Vanquished Creatures (others)
  2 plants (D:2)
2 creatures vanquished.

Grand Total: 50 creatures vanquished

Notes
Turn   | Place    | Note
-------+----------+-------------------------------------------
     0 | D:1      | Zeld the Octopode Gladiator began the quest for the Orb.
     0 | D:1      | Reached XP level 1. HP: 14/14 MP: 1/1
   312 | D:1      | Reached XP level 2. HP: 18/19 MP: 2/2
   861 | D:1      | Reached skill level 4 in Staves
  1067 | D:1      | Reached XP level 3. HP: 17/24 MP: 3/3
  1480 | D:1      | Reached XP level 4. HP: 17/29 MP: 4/4
  1911 | D:2      | Reached skill level 5 in Staves
  2681 | D:2      | Reached XP level 5. HP: 34/34 MP: 5/5
  2681 | D:2      | Found an ornate altar of the Wu Jian Council.
  2681 | D:2      | Found a sparkling altar of Nemelex Xobeh.
  2681 | D:2      | Noticed an ogre
  2738 | D:2      | Demolished by an ogre

Illustrated notes

Levels and vault maps discovered:
D:1:      dpeg_arrival_pits, layout_basic, chequers_serial_rivers_micro_c
D:2:      minmay_recursive_quarters, layout_rooms, lemuel_doored_altar,
          chequers_temple_overflow_statue_of_worship, serial_bayou,
          serial_bayou_shore_b, serial_bayou_pond_b, serial_bayou_pond_e,
          serial_bayou_crossing

Skill      XL: |  1  2  3  4 |
---------------+-------------+-----
Staves         | 4 5 |  5.6
Fighting       | |  2.0
Throwing       | |  2.0
Dodging        | |  3.0

Action                   |  1- 3 |  4- 6 || total
-------------------------+-------+-------++-------
Melee: Quarterstaff      |    54 |    37 ||    91
       Constrict         |    12 |    10 ||    22
       Tentacles         |     9 |     4 ||    13
 Stab: Sleeping          |     6 |     2 ||     8
Armor: Skin              |     2 |     1 ||     3
Dodge: Dodged            |    32 |    35 ||    67
